[Event "35th Roquetas Festival 2024"]
[Site "Roquetas de Mar"]
[Date "2024.01.06"]
[Round "8.23"]
[White "Korneev Leskova, Svyatoslav"]
[Black "Lazaro Azcutia, Miguel"]
[Result "1/2-1/2"]
[ECO "A13"]
[WhiteElo "2248"]
[BlackElo "2044"]
[Annotator "ChessBase"]
[PlyCount "174"]
[EventDate "2024.01.02"]
[EventType "swiss"]
[EventCountry "ESP"]
[SourceTitle "playchess.com"]
[Source "ChessBase"]
[SourceQuality "1"]
[TimeControl "5400+30"]

1. c4 e6 2. Nf3 d5 3. b3 Nf6 4. g3 Be7 5. Bg2 O-O 6. O-O a5 7. Nc3 c6 8. d4 Nbd7 9. Qc2 b6 10. Rd1 Ba6 11. Nd2 b5 12. e4 bxc4 13. bxc4 dxc4 14. Na4 c5 15. dxc5 Nxc5 16. Nxc4 Qc7 17. Nxc5 Qxc5 18. Ba3 Qxc4 19. Qxc4 Bxc4 20. Bxe7 Rfe8 21. Bxf6 gxf6 22. e5 Ra6 23. exf6 e5 24. Bd5 Bxd5 25. Rxd5 Rxf6 26. Rxa5 Rb8 27. a4 Rb2 28. Rb5 Re2 29. Rf1 Ra2 30. Rxe5 Rxa4 31. h4 Ra2 32. Kg2 h6 33. g4 Ra3 34. f3 Kg7 35. Kg3 Rb3 36. Ra5 Rc3 37. g5 hxg5 38. hxg5 Rd6 39. Kg4 f6 40. Ra7+ Kg6 41. gxf6 Rxf6 42. Ra4 Rfc6 43. f4 R3c4 44. Ra5 R6c5 45. Ra6+ Rc6 46. Rfa1 Kf6 47. R1a5 R4c5 48. Ra3 Rc3 49. Rxc6+ Rxc6 50. Rh3 Rc4 51. Rh6+ Kg7 52. Ra6 Rc5 53. Ra7+ Kg6 54. Ra8 Rb5 55. Rf8 Ra5 56. Rg8+ Kf7 57. Rh8 Ra6 58. Rh5 Rc6 59. Ra5 Rb6 60. Rh5 Kg6 61. Rf5 Ra6 62. Rf8 Rb6 63. Ra8 Rc6 64. Rh8 Ra6 65. Rh1 Rb6 66. f5+ Kg7 67. Kg5 Rb2 68. Re1 Rg2+ 69. Kf4 Rf2+ 70. Ke5 Kf7 71. Re3 Rf1 72. Re2 Ra1 73. Rg2 Re1+ 74. Kf4 Rf1+ 75. Kg5 Ra1 76. Rf2 Rg1+ 77. Kf4 Re1 78. Rf3 Rg1 79. Re3 Rf1+ 80. Ke5 Ra1 81. Re4 Rd1 82. Rg4 Re1+ 83. Kf4 Rf1+ 84. Kg5 Rh1 85. f6 Kf8 86. Ra4 Rg1+ 87. Kf5 Rf1+ 1/2-1/2

[Event "35th Roquetas Festival 2024"]
[Site "Roquetas de Mar"]
[Date "2024.01.06"]
[Round "8.24"]
[White "Vingris, Mikelis"]
[Black "Roquero Redondo, Miguel"]
[Result "1-0"]
[ECO "B54"]
[WhiteElo "2248"]
[BlackElo "1988"]
[Annotator "RC"]
[PlyCount "51"]
[EventDate "2024.01.02"]
[EventType "swiss"]
[EventCountry "ESP"]
[SourceTitle "playchess.com"]
[Source "ChessBase"]
[SourceQuality "1"]
[TimeControl "5400+30"]

1. e4 c5 2. Nf3 d6 3. d4 cxd4 4. Nxd4 Nf6 5. Bd3 e5 6. Ne2 Nc6 7. c4 Be7 8. Nbc3 O-O 9. O-O Nd7 10. Nd5 Bg5 11. b4 Bxc1 12. Rxc1 b6 13. Qb3 Re8 14. Qb2 Rb8 15. Qd2 Nf8 16. c5 bxc5 17. bxc5 Ne6 18. cxd6 Qxd6 19. Bb5 Ned8 20. Qd3 Kf8 21. Qc4 Bd7 22. Qa4 Rb7 23. Rfd1 Qb8 24. Bxc6 Nxc6 25. Rxc6 Re6 26. Qa3+ 1-0

[Event "35th Roquetas Festival 2024"]
[Site "Roquetas de Mar"]
[Date "2024.01.06"]
[Round "8.25"]
[White "Moral Garcia, Serafin"]
[Black "Clemente Grande, Daniel"]
[Result "1-0"]
[ECO "C07"]
[WhiteElo "2246"]
[BlackElo "1856"]
[Annotator "RC"]
[PlyCount "99"]
[EventDate "2024.01.02"]
[EventType "swiss"]
[EventCountry "ESP"]
[SourceTitle "playchess.com"]
[Source "ChessBase"]
[SourceQuality "1"]
[TimeControl "5400+30"]

1. e4 e6 2. d4 d5 3. Nd2 c5 4. exd5 Qxd5 5. Ngf3 cxd4 6. Bc4 Qd6 7. O-O Nf6 8. Nb3 Nc6 9. Nbxd4 Nxd4 10. Nxd4 Bd7 11. c3 Qc7 12. Bd3 Bd6 13. h3 O-O-O 14. Qf3 Kb8 15. a4 e5 16. Nb5 Bc6 17. Qe2 Qe7 18. Be3 Bc5 19. b4 Bxe3 20. Qxe3 b6 21. Rfe1 Nd5 22. Qg3 f6 23. a5 Nf4 24. Bf1 Rd7 25. axb6 axb6 26. Ra6 Nd5 27. Rea1 Bb7 28. R6a4 Rhd8 29. Qf3 Nc7 30. Qe3 Nd5 31. Qc1 Nc7 32. Nxc7 Kxc7 33. Ra7 Qd6 34. Ba6 Rb8 35. Rxb7+ Rxb7 36. Bxb7 Kxb7 37. Qa3 Qc7 38. Qa6+ Kc6 39. Qc4+ Kb7 40. Qe4+ Kc8 41. Qxh7 Kb8 42. c4 Re7 43. c5 bxc5 44. bxc5 Qxc5 45. Rb1+ Kc7 46. Qg8 Qd4 47. Qb8+ Kc6 48. Rc1+ Kd5 49. Qb3+ Ke4 50. Qf3# 1-0

[Event "35th Roquetas Festival 2024"]
[Site "Roquetas de Mar"]
[Date "2024.01.06"]
[Round "8.26"]
[White "Fernandez, Maria Florencia"]
[Black "Cabezas Ayala, Ivan"]
[Result "0-1"]
[ECO "D35"]
[WhiteElo "2074"]
[BlackElo "2244"]
[Annotator "RC"]
[PlyCount "102"]
[EventDate "2024.01.02"]
[EventType "swiss"]
[EventCountry "ESP"]
[SourceTitle "playchess.com"]
[Source "ChessBase"]
[SourceQuality "1"]
[TimeControl "5400+30"]

1. d4 Nf6 2. c4 e6 3. Nc3 d5 4. cxd5 exd5 5. Bg5 c6 6. e3 h6 7. Bh4 Be7 8. Bd3 O-O 9. Qc2 Re8 10. Nf3 Nbd7 11. O-O Ne4 12. Bxe4 Bxh4 13. Bh7+ Kh8 14. Nxh4 Qxh4 15. Bd3 Qe7 16. Rab1 Nf6 17. b4 a6 18. a4 Be6 19. b5 axb5 20. axb5 c5 21. dxc5 Qxc5 22. Ne2 Qd6 23. Nd4 Ng4 24. Nf3 Rec8 25. Qb2 Ra3 26. Rfd1 Rxd3 27. Rxd3 Bf5 28. Qd4 Bxd3 29. Qxd3 Ne5 30. Qf5 Nxf3+ 31. Qxf3 Kg8 32. h3 Rc5 33. g4 g6 34. Kg2 Kg7 35. Rb4 b6 36. Qe2 Qe6 37. Qd3 Rc4 38. Rxc4 dxc4 39. Qd4+ Kh7 40. e4 Qc8 41. Qxb6 c3 42. Qa7 Qc4 43. b6 c2 44. b7 c1=Q 45. b8=Q Q4f1+ 46. Kf3 Qh1+ 47. Kg3 Qcg1+ 48. Kf4 Qhh2+ 49. Kf3 Qxh3+ 50. Ke2 Qgf1+ 51. Kd2 Qhd3# 0-1

[Event "35th Roquetas Festival 2024"]
[Site "Roquetas de Mar"]
[Date "2024.01.07"]
[Round "9.1"]
[White "Cuenca Jimenez, Jose Fernando"]
[Black "Stremavicius, Titas"]
[Result "1/2-1/2"]
[ECO "A06"]
[WhiteElo "2514"]
[BlackElo "2543"]
[Annotator "TA"]
[PlyCount "60"]
[EventDate "2024.01.02"]
[EventType "swiss"]
[EventCountry "ESP"]
[SourceTitle "playchess.com"]
[Source "ChessBase"]
[SourceQuality "1"]
[TimeControl "5400+30"]

1. Nf3 d5 2. g3 Nf6 3. Bg2 e6 4. O-O c5 5. d4 cxd4 6. Nxd4 e5 7. Nf3 Nc6 8. c4 d4 9. e3 Be7 10. exd4 exd4 11. b4 {[%mdl 64] [#] Deflection. E01: Catalan: Early deviations.} Nxb4 12. Nxd4 O-O 13. h3 {[#] Wards off Bg4} Qc7 $146 ({Predecessor:} 13... Bc5 14. Nb3 Be7 15. a3 Nd3 16. Be3 Be6 17. N1d2 Rc8 18. Qe2 b6 19. Nd4 Nc5 {½-½ Barber,P (2285)-Graf,H (2287) ENG-SUI email 2016 [15]}) 14. Qb3 Bd7 15. Ba3 a5 16. Nd2 Rfd8 {[%cal Od7h3] next ...Bxh3! is good for Black.} 17. Bb2 Bc5 {And now ...Qb6 would win.} 18. a3 a4 19. Qf3 Bxd4 {[%mdl 64] Remove Defender} 20. Bxd4 Bc6 21. Qc3 {[#]} Rxd4 $1 {[%mdl 64] Decoy} 22. Qxd4 Nc2 23. Qc3 Nxa1 24. Rxa1 Rd8 25. Nf3 Qd6 (25... Ne4 $5 26. Qe3 Qd6 $15) 26. Re1 {The position is equal.} h6 27. Ne5 Bxg2 28. Kxg2 Nd7 29. Nxd7 Qxd7 30. Qf3 Rc8 {A rather calm draw.   Weighted Error Value: White=0.05 (flawless) /Black=0.03 (flawless)} 1/2-1/2

[Event "35th Roquetas Festival 2024"]
[Site "Roquetas de Mar"]
[Date "2024.01.07"]
[Round "9.2"]
[White "Korneev, Oleg"]
[Black "Suarez Uriel, Adrian"]
[Result "1/2-1/2"]
[ECO "B90"]
[WhiteElo "2474"]
[BlackElo "2365"]
[Annotator "TA"]
[PlyCount "89"]
[EventDate "2024.01.02"]
[EventType "swiss"]
[EventCountry "ESP"]
[SourceTitle "playchess.com"]
[Source "ChessBase"]
[SourceQuality "1"]
[TimeControl "5400+30"]

1. e4 c5 2. Nf3 d6 3. d4 cxd4 4. Nxd4 Nf6 5. Nc3 a6 6. Be3 e5 7. Nf3 Be7 8. Bc4 O-O 9. O-O Nc6 10. Bb3 {B90: Sicilian Najdorf: Unusual White 6th moves, 6 Be3 Ng4 and 6 Be3 e5.} Be6 {10...h6 might become the main line.} 11. Qe2 h6 12. Rfd1 {White is slightly better.} Rc8 13. Nd5 Bxd5 (13... Nxe4 $2 14. Bb6 Qd7 15. Qxe4 $18) 14. Bxd5 Nxd5 15. Rxd5 f5 16. exf5 Rxf5 {[#]} 17. Qc4 $146 (17. Rad1 $14) ({Predecessor:} 17. c3 Qd7 18. Qd3 Qe6 19. Qe4 Rcf8 20. Rad1 Qf7 21. a4 Nd8 22. R5d2 Kh8 23. Nh4 {1-0 Muzychuk,M (2473)-Ziaziulkina,N (2291) EU-ch (Women) 12th 2011 (4)}) 17... Nd4 $1 $11 {[%mdl 64] [#] Discovered Attack. The position is equal.} 18. Rc5+ d5 $1 19. Rxc8 Nxf3+ ({Don't do} 19... dxc4 20. Rxd8+ Bxd8 21. Nxd4 exd4 22. Bxd4 $14) 20. gxf3 dxc4 21. Rxd8+ Bxd8 {[%mdl 4096] Endgame KRB-KRB} 22. Rd1 Bg5 23. Bxg5 Rxg5+ {KR-KR} 24. Kf1 Rh5 25. Rd7 b5 26. Ra7 Rxh2 27. Kg1 {Inhibits Rh1+.} Rh4 28. Rxa6 Rd4 29. Ra5 Rd2 30. Rxb5 Rxc2 31. a4 c3 32. bxc3 Rxc3 33. Kg2 Rc4 34. a5 e4 35. f4 Ra4 36. Kg3 Ra2 37. f5 h5 38. f6 {[%mdl 64] [#] Discovered Attack} gxf6 39. Rxh5 Kf7 40. Kf4 Rxf2+ 41. Kxe4 Ke6 42. Kd4 Kd6 43. Kc4 Kc6 44. Rh7 Rf4+ 45. Kd3 {Weighted Error Value: White=0.03 (flawless) /Black=0.02 (flawless)} 1/2-1/2

[Event "35th Roquetas Festival 2024"]
[Site "Roquetas de Mar"]
[Date "2024.01.07"]
[Round "9.3"]
[White "Grigoryan, Karen H."]
[Black "Espinosa Aranda, Angel"]
[Result "0-1"]
[ECO "B40"]
[WhiteElo "2643"]
[BlackElo "2431"]
[Annotator "TA"]
[PlyCount "138"]
[EventDate "2024.01.02"]
[EventType "swiss"]
[EventCountry "ESP"]
[SourceTitle "playchess.com"]
[Source "ChessBase"]
[SourceQuality "1"]
[TimeControl "5400+30"]

1. e4 c5 2. Nf3 e6 3. b3 a6 4. Bb2 Nc6 5. d4 cxd4 6. Nxd4 Qf6 {B40: Sicilian: 2...e6, Unusual lines.} 7. Qd2 Bc5 8. c3 Nge7 {Black has an edge.} 9. b4 {[#]} Bb6 $146 ({Predecessor:} 9... Ba7 10. b5 Nxd4 11. cxd4 d5 12. e5 Qh4 13. Na3 Nf5 14. Nc2 Bd7 15. bxa6 Qe4+ {0-1 Sun,J (1987)-Fan,H (2250) CHN-chB Hangzhou 2019 (3)}) 10. Nxc6 Nxc6 11. c4 Bd4 12. Bxd4 Qxd4 13. Qxd4 Nxd4 14. Bd3 {Repels Nc2+} d6 15. Nc3 a5 16. Rb1 axb4 17. Rxb4 Nc6 18. Rb2 Ne5 19. Kd2 Nd7 20. f4 Ke7 21. Kc2 Nc5 $36 {[%mdl 2048] Black is pushing.} 22. e5 {White is on the road to losing.} ({White should try} 22. Re1 $15) 22... dxe5 $17 23. fxe5 Rd8 24. Be2 Bd7 {Dodges Rb5} 25. Rd1 Bc6 26. Re1 Ra3 (26... Bxg2 27. Rg1 Bh3 28. Bg4 Bxg4 29. Rxg4) (26... Rd4 $19 27. Bf1 Rh4) 27. g3 Ne4 28. Nd1 (28. Rb3 $142 Rd2+ 29. Kc1 Rdxa2 {[%mdl 64] Remove Defender} 30. Nxa2 Rxb3 31. Bd1) 28... Ra5 29. Bf3 Rxe5 30. Nc3 Rd2+ 31. Kc1 {[%cal Rf3e4] [#]} Rxb2 $1 (31... Nxc3 32. Kxd2 (32. Rxe5 Rxb2 33. Kxb2 Na4+ 34. Kb3 Bxf3 $14) 32... Rxe1 33. Kxe1 Bxf3 34. Rb3 $14) 32. Kxb2 {[%cal Rf3e4] [#]} Nd2 {[%mdl 64] Discovered Attack, Double Attack} 33. Rxe5 Nxc4+ ({Worse is} 33... Bxf3 34. Rc5 $14) 34. Kb3 Nxe5 35. Bxc6 Nxc6 $19 {[%mdl 4096] Endgame KN-KN} (35... bxc6 $2 {perishes.} 36. Kb4 $19) 36. Kc4 f5 37. Kc5 Kd7 38. Kb6 Nd8 39. Kc5 Nf7 40. a4 e5 41. Kd5 f4 42. gxf4 (42. Ne4 {might work better.}) 42... exf4 43. Ke4 $2 (43. h4) 43... g5 {...Ke6 would be deadly.} 44. Kf5 h6 45. Kf6 Nd6 {And now ...f3 would win.} 46. Ke5 f3 47. Nd1 Nc4+ 48. Ke4 Nb2 {[%mdl 64] Deflection, Promotion} 49. Nf2 (49. Ne3 $142 f2 50. Kf3) 49... Nxa4 50. Kxf3 Ke6 51. Kg4 Nc5 {Dodges Nd3. ...b5 is the strong threat.} 52. Kh5 b5 {[%cal Bb7b5,Bb5b4,Bb4b3][%mdl 32] Threatens to win with ...b4.} 53. Kxh6 Kf5 {( -> ...b4)} 54. Kh5 b4 {Black mates.} 55. Nd1 b3 56. Ne3+ Kf4 57. Nd5+ Ke4 58. Nc3+ Kf5 59. Nd1 Ne4 60. Ne3+ Kf4 61. Nd1 Nf6+ 62. Kg6 Ng4 63. h3 Ne5+ 64. Kf6 Nd3 65. Nc3 b2 66. Nd5+ Kf3 67. Nc3 Nf2 68. Kxg5 Ne4+ 69. Nxe4 Kxe4 {Weighted Error Value: White=0.39/Black=0.06 (flawless)} ({Weaker is} 69... b1=B 70. Nd2+ Kg3 71. h4 $11) 0-1

[Event "35th Roquetas Festival 2024"]
[Site "Roquetas de Mar"]
[Date "2024.01.07"]
[Round "9.4"]
[White "Peng, Li Min"]
[Black "Fiorito, Joaquin"]
[Result "0-1"]
[ECO "B23"]
[WhiteElo "2575"]
[BlackElo "2401"]
[Annotator "TA"]
[PlyCount "62"]
[EventDate "2024.01.02"]
[EventType "swiss"]
[EventCountry "ESP"]
[SourceTitle "playchess.com"]
[Source "ChessBase"]
[SourceQuality "1"]
[TimeControl "5400+30"]

1. e4 c5 2. Nc3 d6 3. f3 Nf6 4. d4 cxd4 5. Qxd4 g6 6. Be3 {B23: Closed Sicilian: Lines without g3.} Bg7 {[#]} 7. Qd2 $146 ({Predecessor:} 7. O-O-O O-O 8. g4 Nxg4 9. Qd2 Nxe3 10. Qxe3 Be6 11. h4 Qb6 12. Qd2 Bxa2 13. b3 {0-1 Braun,J (1605)-Fruth,D (1687) GER Pfingstopen U12 blitz 2020 (4)}) 7... Nc6 8. O-O-O {White is slightly better.} Be6 9. Nge2 Ne5 (9... Qa5 $14 {was preferrable.}) 10. Nd4 $1 $16 Bc4 11. f4 Bxf1 12. fxe5 (12. Rhxf1 Nc4 13. Qe2 Qc8 $11) 12... dxe5 13. Rhxf1 {[%cal Od2f2] Qf2! is the strong threat.} (13. Rdxf1 $6 exd4 14. Qxd4 O-O $11) 13... exd4 14. Bxd4 (14. Qxd4 Qxd4 15. Bxd4 O-O $11) 14... O-O 15. Qe2 (15. Qe1 $16 {Threatens to win with Bxf6.} Qc7 16. e5) 15... Qa5 $11 16. Kb1 Rad8 17. g4 a6 18. h4 h5 $1 19. Bxf6 Rxd1+ $1 20. Rxd1 exf6 21. Nd5 hxg4 (21... Qb5 $1 $14 22. Ne7+ Kh7 23. Qxb5 axb5 24. gxh5 g5) 22. h5 $1 $18 (22. Qxg4 $6 Re8 $16) 22... Re8 (22... gxh5 $2 23. Ne7+ (23. Qh2 Re8 $16) 23... Kh7 24. Rd5 $18) (22... Qd8 {keeps fighting.}) 23. Qxg4 $2 (23. h6 Bh8 $11) (23. hxg6 $1 $18 Qa4 24. gxf7+ Kxf7 25. Nc3) 23... f5 $1 $11 24. exf5 gxf5 25. Qg1 {h6 would kill now.} Kh8 {[#]} (25... Qb5 $1 $11 26. c3 Qc6) 26. h6 $1 $36 {[%csl Gh6][%cal Rg1g7][%mdl 2048] White has strong initiative.} Be5 {[#]} 27. Qg5 (27. a3 $1 $16) 27... Rg8 ({Better is} 27... Qb5 $11 28. b3 (28. Qxf5 $2 Qxb2#) (28. Qc1 Qc4 $11) 28... Qd7) 28. Qe3 $14 (28. Qxf5 $2 {perishes.} Qxd5 29. Re1 f6 $19) 28... Re8 {[#]} 29. c4 {Prevents Qb5} (29. Qf3 $1 $16 ) 29... Qa4 (29... Qd8 $5 ) 30. Rg1 (30. Qd3 $11 {and White stays safe.}) 30... Qxc4 $19 31. Nf6 {[#]} (31. Rd1) 31... Qb5 $1 {Quite a comeback for Black. Artfully played by Fiorito.   Weighted Error Value: White=0.59/Black=0.29 (precise)} 0-1

[Event "35th Roquetas Festival 2024"]
[Site "Roquetas de Mar"]
[Date "2024.01.07"]
[Round "9.5"]
[White "Bernadskiy, Vitaliy"]
[Black "Macias Pino, Diego"]
[Result "1-0"]
[ECO "B90"]
[WhiteElo "2566"]
[BlackElo "2456"]
[Annotator "TA"]
[PlyCount "73"]
[EventDate "2024.01.02"]
[EventType "swiss"]
[EventCountry "ESP"]
[SourceTitle "playchess.com"]
[Source "ChessBase"]
[SourceQuality "1"]
[TimeControl "5400+30"]

1. e4 c5 2. Nf3 d6 3. d4 cxd4 4. Nxd4 Nf6 5. Nc3 a6 6. f3 e5 7. Nb3 Be6 8. Be3 h5 {The modern move.} 9. Qd2 Nbd7 10. Nd5 {B90: Sicilian Najdorf: Unusual White 6th moves, 6 Be3 Ng4 and 6 Be3 e5.} Nxd5 11. exd5 Bf5 12. Be2 {White has an edge.} Qc7 {[#]} 13. c4 $5 $146 {[%mdl 8] An interesting novelty.} ({Predecessor:} 13. Na5 g6 14. O-O Bg7 15. c4 O-O 16. Rac1 b6 17. Nc6 Nb8 18. Nxb8 Raxb8 19. b4 {1-0 Rasulov,V (2510)-Vokhidov,S (2601) Agzamov Memorial 16th 2023 (6)}) 13... a5 14. Rc1 a4 15. Na1 g6 16. O-O Bg7 17. g4 (17. Nc2 $11) 17... hxg4 $15 18. fxg4 Be4 19. g5 (19. c5 $15) 19... Nc5 $17 20. Bg4 {Prevents Qc8} Bd3 21. Rf2 e4 22. b4 Nd7 23. Be2 (23. Bxd7+ $17 Qxd7 24. Nc2) 23... Ne5 $19 24. Bf4 Qd7 (24... Nxc4 25. Bxd3 exd3 26. Qxd3 $15) 25. c5 Qh3 (25... dxc5 $19 {is more deadly.} 26. Bxe5 Bxe5 27. Bxd3 Qg4+ 28. Kf1 (28. Rg2 $2 Bxh2+ 29. Kf1 Qf3+ 30. Rf2 Qh3+ 31. Ke2 Qg4+ {[%mdl 64] Deflection} 32. Ke1 exd3 $19) 28... Qh3+ 29. Ke2 Qh5+ 30. Kf1 Qh3+ 31. Ke2 Qh5+ 32. Kf1 Qh3+) 26. c6 (26. Nc2 $17) 26... bxc6 $1 27. dxc6 Ng4 (27... Rh4 $19 {and Black stays clearly on top. ...Bxe2 would be deadly.} 28. Nc2 Nc4) 28. Bxg4 $17 Qxg4+ 29. Kh1 {White is weak on the light squares} (29. Rg2 $17 Qf5 30. Nc2) 29... d5 $19 30. b5 {[#] Nc2 is the strong threat.} Bd4 $2 (30... Bxb5 31. Qxd5 e3 32. Qxb5 $11 (32. Bxe3 O-O $11)) (30... O-O $1 $19 31. Rg2 Qf5) 31. Rg2 {Really sharp!} Qf3 {White must now prevent ...Bf1.} 32. Nc2 Bb6 {This pair of bishops is nice.} 33. Nb4 (33. Be5 $15 Rh4 34. Bd4) 33... O-O-O $2 ({Don't do} 33... Bxb5 34. Nxd5 Bf1 35. c7 $16 (35. Nxb6 Bxg2+ 36. Kg1 Rd8 $16)) (33... Bc4 $17 {aiming for ...e3.} 34. Bg3 Be3) 34. c7 $18 Rd7 {[#]} (34... Rxh2+ $18 35. Bxh2 Rh8) 35. Qc3 $1 {White mates.} Rxc7 36. Qxh8+ Kb7 37. Bxc7 {Artfully played by Bernadskiy.   Weighted Error Value: White=0.28 (precise) /Black=0.68} 1-0

[Event "35th Roquetas Festival 2024"]
[Site "Roquetas de Mar"]
[Date "2024.01.07"]
[Round "9.6"]
[White "Gomez Sanjuan, Hector Fernando"]
[Black "Sosa, Tomas"]
[Result "0-1"]
[ECO "A42"]
[WhiteElo "2139"]
[BlackElo "2554"]
[Annotator "TA"]
[PlyCount "112"]
[EventDate "2024.01.02"]
[EventType "swiss"]
[EventCountry "ESP"]
[SourceTitle "playchess.com"]
[Source "ChessBase"]
[SourceQuality "1"]
[TimeControl "5400+30"]

1. d4 g6 2. c4 Bg7 3. Nc3 d6 4. e4 c5 5. Nf3 Bg4 6. d5 {A42: Modern Defence: Averbakh Variation.} Bxc3+ 7. bxc3 Nf6 $5 {[%mdl 4] [#] Leaves trodden paths.} 8. Qc2 $146 {White has an edge.} ({Predecessor:} 8. h3 Bxf3 9. Qxf3 Nbd7 10. Be2 Qa5 11. O-O Ne5 12. Qe3 Qa4 13. Rb1 O-O-O 14. f4 Nxc4 {1-0 Paul,J (2361)-Colbow,C (2167) Pardubice Czech op-E 30th 2019 (5.5)}) 8... Nbd7 (8... Bxf3 $11 9. gxf3 Qa5) 9. h3 (9. Ng1 $1 $16) 9... Bxf3 $11 10. gxf3 e5 11. dxe6 fxe6 12. Bf4 e5 13. Bg5 h6 14. Be3 Nh5 15. Qd2 $1 Qf6 16. O-O-O (16. Bxh6 $2 Qxf3 17. Rg1 Rxh6 $19) 16... Ke7 17. h4 Nf4 (17... Qxf3 $2 18. Qxd6+ Kf7 19. Be2 $18) 18. Bh3 Nb6 {The board is on fire.} (18... Qxh4 $2 19. Qxd6+ Kf7 20. Be6+ Nxe6 21. Rxh4 $18) 19. Bxf4 exf4 (19... Qxf4 {simplifies} 20. Qxf4 exf4 21. e5 dxe5 22. Rhe1 Kf6) 20. e5 dxe5 21. Qe2 Kf7 (21... Qxh4 22. Qxe5+ Kf8 23. Be6 Rh7 24. Rxh4 g5 25. Qf5+ Ke8 26. Qxh7) 22. Qe4 Rae8 (22... Qxh4 $2 23. Be6+ (23. Qxe5 Qf6 $11) 23... Kxe6 24. Rxh4 $18) 23. h5 g5 {Black is weak on the light squares} (23... gxh5 24. Rhg1 Rhg8 25. a4 $16) (23... Re7 $1 $11 {remains equal.}) 24. Qxb7+ Re7 25. Qe4 Na4 26. Qc2 (26. Kc2 {looks sharper.} Kg7 27. Rb1 Rd8 28. Rb7) 26... Nb6 27. Rd2 $1 Kg7 $2 (27... Nxc4 $2 28. Qb3 Qa6 29. Rb2 $18) ({Better is} 27... Rb8 $14) 28. Rhd1 $1 $18 {Black must now prevent Rd6.} Qf7 (28... Nc8 $142 29. Rd5 e4 30. fxe4 Rhe8 31. Bxc8 Rxc8) 29. Rd6 Qxh5 30. Bf5 (30. Qf5 Rf8 31. Qe4 Nc8 32. Bxc8 Rxc8 $11) 30... e4 31. Rg6+ Qxg6 32. Bxg6 Kxg6 33. fxe4 Nxc4 (33... Kg7 34. e5 Rxe5) 34. e5+ (34. Qd3 Ne5 35. Qa6+ Kg7 $18) 34... Kf7 {[#]} 35. e6+ Kf6 $1 $11 36. Rd5 Ne5 $1 37. Rxc5 Rxe6 {And now ...Rd8 would win.} 38. Rc7 h5 {...h4 is the strong threat.} 39. Rxa7 h4 40. Rh7 $1 (40. Ra5 $2 h3 41. Rxe5 (41. Qe4 $2 h2 $19) 41... Rxe5 $19) 40... Ree8 41. Qe4 $2 {[#]} (41. Qb1 $11) 41... h3 $1 $19 {...h2 would be deadly.} 42. Qb7 Kf5 $2 ({Black should play} 42... Nd3+ $17 43. Kc2 Rxh7 44. Qxh7 Nxf2) 43. Qg7 $1 $11 (43. f3 $2 h2 44. a4 h1=Q+ $19) 43... Rxh7 44. Qxh7+ {[%mdl 4096] Endgame KQ-KRN} Kg4 {Hoping for ...Rd8.} 45. a4 $2 (45. Qe4 $11 {and White is okay.}) 45... Rd8 $19 {Strongly threatening ...Nd3+.} 46. a5 $2 (46. Kc2 Nd3 47. Qa7 (47. Qe7 $2 Nxf2 48. Qxd8 h2 $19)) 46... Nd3+ 47. Kc2 Nxf2 {Threatens to win with ...Kg3.} 48. a6 Kg3 {Black mates.} 49. Qe7 Rg8 50. Qe6 Ra8 51. Qc6 {[#]} Rxa6 $3 {[%mdl 576] Promotion} 52. Qxa6 h2 53. Qh6 g4 ({Weaker is} 53... h1=R 54. Qxg5+ Ng4 55. Qe7 $11) 54. c4 h1=Q ({Inferior is} 54... h1=R 55. Qd6 $15) 55. Qxh1 Nxh1 56. c5 Nf2 {Black used his chance. An entertaining game by Sosa.   Weighted Error Value: White=0.50/Black=0.41} 0-1

[Event "35th Roquetas Festival 2024"]
[Site "Roquetas de Mar"]
[Date "2024.01.07"]
[Round "9.7"]
[White "Habans Aguerrea, Javier"]
[Black "Tejedor Fuente, Enrique"]
[Result "1-0"]
[ECO "A28"]
[WhiteElo "2368"]
[BlackElo "2395"]
[Annotator "RC"]
[PlyCount "87"]
[EventDate "2024.01.02"]
[EventType "swiss"]
[EventCountry "ESP"]
[SourceTitle "playchess.com"]
[Source "ChessBase"]
[SourceQuality "1"]
[TimeControl "5400+30"]

1. c4 e5 2. Nc3 Nf6 3. Nf3 Nc6 4. e3 Bb4 5. Qc2 Bxc3 6. Qxc3 d6 7. d4 Qe7 8. d5 Nb8 9. Be2 O-O 10. O-O Ne4 11. Qc2 f5 12. Nd2 Nf6 13. b3 g5 14. Bb2 f4 15. c5 Na6 16. cxd6 cxd6 17. Ba3 Nc7 18. e4 g4 19. g3 Nce8 20. gxf4 Nh5 21. f5 Nf4 22. Bxg4 Rf6 23. Kh1 Kh8 24. Rg1 Bd7 25. Rae1 Rh6 26. Rg3 Rc8 27. Qd1 b5 28. Bc1 Nf6 29. Nf3 b4 30. Bxf4 exf4 31. Rg2 Rg8 32. Qd4 Rg7 33. Nd2 Rh4 34. Reg1 f3 35. Nxf3 Rh6 36. e5 dxe5 37. Nxe5 Rh4 38. f4 Qd6 39. Bf3 Rxg2 40. Rxg2 Be8 41. Qxa7 Qf8 42. Qd4 Bh5 43. Bxh5 Rxh5 44. Nd7 1-0